 Dungeon Crawl Stone Soup version 0.28-a0-769-g550dbda0cd (webtiles) character file.

Game seed: 18249011529577791809

8039 frimble the Grappler (level 11, -2/103 (105) HPs)
             Began as a Troll Warper on Oct 31, 2021.
             Hit by a stone thrown by a tengu warrior (21 damage)
             ... on level 9 of the Dungeon.
             The game lasted 00:15:16 (8317 turns).

frimble the Grappler (Troll Warper)                 Turns: 8317, Time: 00:15:17

HP:   -2/103 (105)  AC:  9    Str: 21    XL:     11   Next: 4%
MP:   9/11          EV: 10    Int: 12    God:
Gold: 133           SH:  0    Dex:  9    Spells: 9/12 levels left

rFire   . . .      SeeInvis .     - Unarmed
rCold   . . .      Faith    .   (no shield)
rNeg    . . .      Spirit   .   G - +0 robe
rPois   .          Reflect  .   m - +2 hat
rElec   .          Harm     .   q - +2 cloak
rCorr   .          Rampage  .   (gloves unavailable)
Will    .....                   (boots unavailable)
Stlth   +.........              f - amulet of regeneration
HPRegen 2.27/turn               (no ring)
MPRegen 0.12/turn               (no ring)

@: about to teleport, attractive, on blink cooldown, lightly drained
A: large, unfitting armour, claws 3, regeneration 1, shaggy fur 1, tough skin 1
a: no special abilities


You were on level 9 of the Dungeon.
You visited 1 branch of the dungeon, and saw 9 of its levels.
You also visited: Ossuary.

You collected 715 gold pieces.
You spent 582 gold pieces at shops.

Inventory:

Hand Weapons
 a - the +8 longbow "Kaung" {vorpal, MP+9 Str+2 Dex-5 Stlth+}
   (You found it on level 8 of the Dungeon)

   Any ammunition fired from it inflicts extra damage upon your enemies.
   Str:       It affects your strength (+2).
   Dex:       It affects your dexterity (-5).
   MP:        It affects your magic capacity (+9).
   Stlth:     It makes you more stealthy.
Missiles
 c - 8 boomerangs of dispersal
 o - 111 poisoned darts (quivered)
 x - 13 boomerangs
 D - 2 throwing nets
 E - a curare-tipped dart
 H - 109 arrows
Armour
 h - a +0 kite shield
 m - a +2 hat (worn)
 q - a +2 cloak (worn)
 B - +1 ice dragon scales
 G - a +0 robe (worn)
Jewellery
 f - an amulet of regeneration (around neck)
 v - an amulet of faith
 y - a +6 ring of intelligence
Wands
 F - a wand of flame (24)
Scrolls
 b - 2 scrolls of blinking
 d - 2 scrolls of teleportation
 k - 2 scrolls of immolation
 n - a scroll of silence
 r - a scroll of fog
 s - 4 scrolls of fear
 C - 2 scrolls of amnesia
 I - a scroll of identify
Potions
 e - a potion of flight
 g - 2 potions of might
 i - 6 potions of curing
 j - a potion of degeneration
 l - 2 potions of ambrosia
 p - 3 potions of heal wounds
 t - 2 potions of mutation {unknown}
 u - 3 potions of brilliance
 w - a potion of attraction
 z - 4 potions of haste
 A - a potion of magic {unknown}
 K - a potion of cancellation


   Skills:
 - Level 6.0 Fighting
 - Level 6.0 Throwing
 + Level 4.2 Armour
 + Level 4.9 Dodging
 + Level 0.6 Shields
 - Level 8.0 Unarmed Combat
 - Level 1.2 Spellcasting
 - Level 6.0 Translocations
 + Level 4.1 Evocations


You had 9 spell levels left.
You knew the following spells:

 Your Spells              Type           Power      Damage    Failure   Level
a - Apportation           Tloc           30%        N/A       2%          1
b - Blink                 Tloc           30%        N/A       3%          2

Your spell library contained the following spells:

 Spells                   Type           Power      Damage    Failure   Level
 Gell's Gravitas          Tloc           7%         N/A       8%          3
 Lesser Beckoning         Tloc           15%        N/A       8%          3
 Teleport Other           Tloc           15%        N/A       8%          3
 Animate Skeleton         Necr           0%         N/A       30%         1
 Foxfire                  Conj/Fire      0%         2x1d4     30%         1
 Magic Dart               Conj           0%         1d3       30%         1
 Summon Small Mammal      Summ           0%         N/A       30%         1
 Call Imp                 Summ           0%         N/A       41%         2
 Manifold Assault         Tloc           15%        N/A       56%         5
 Conjure Flame            Conj/Fire      0%         6-21      65%         3
 Inner Flame              Hex/Fire       0%         N/A       65%         3
 Mephitic Cloud           Conj/Pois/Air  0%         N/A       65%         3
 Flame Wave               Conj/Fire      0%         3d3       96%         4
 Dispersal                Tloc           7%         N/A       98%         6
 Disjunction              Tloc           7%         N/A       100%        8


Dungeon Overview and Level Annotations

Branches:
Dungeon (9/15)             Temple (0/1) D:7         Ossuary (visited)
   Lair: D:8-11         Orc: D:9-12

Altars:
Cheibriados
Elyvilon
Sif Muna
Vehumet

Shops:
D:4 [   D:8 !


Innate Abilities, Weirdness & Mutations

You are too large for most types of armour.
You have claws for hands.
Your natural rate of healing is unusually fast.
You are covered in fur. (AC +1)
You have tough skin. (AC +1)


Message History

You are too injured to fight recklessly!
You are too injured to fight recklessly!
You are too injured to fight recklessly!
You are too injured to fight recklessly!
You are too injured to fight recklessly!
You are too injured to fight recklessly!
You are too injured to fight recklessly!
Okay, then.
Unknown command.
Okay, then.
Unknown command.
Okay, then.
Unknown command.
You barely miss the tengu warrior. Your claw misses the tengu warrior.
The tengu warrior is heavily wounded.
The kobold hits you but does no damage.
The tengu warrior hits you with a +0 long sword!
The tengu warrior pecks you but does no damage.
The tengu warrior barely misses you.
The kobold hits you with a +0 short sword.
The orc warrior hits you from afar with a +0 trident!
Casting: Blink (safe; 3% risk of failure)
Confirm with . or Enter, or press ? or * to list all spells.
You blink.
The kobold hits you but does no damage. The tengu warrior closely misses you.
The tengu warrior pecks you but does no damage.
The tengu warrior claws you.
The orc warrior hits you with a +0 trident!
Okay, then.
Unknown command.
As you read the scroll of teleportation, it crumbles to dust.
You feel strangely unstable.
The tengu warrior hits you with a +0 long sword!!
* * * LOW HITPOINT WARNING * * *
The tengu warrior pecks you.
* * * LOW HITPOINT WARNING * * *
The tengu warrior claws you but does no damage.
The orc warrior barely misses you. The kobold misses you.
The tengu warrior throws a stone.
The stone hits you!!
You die...

.......'..###....###....#......#
...<...##...'....# ####.#......#
.......######..>.# #.#......##
.......# #....# #..........
###'#### ##'### ###......## #..#
#.# #####.## #.## ##### ###....##
#.# ##...## #.......## ##.##
##!...@## #.......'. ....#####
#...$o.K## #.......##
........##...♣.♣QK?#####.......##
....#####... ♣.♣♣§..##.#.......#
....# .. .. ♣♣...##'.......#
....# ..K ♣♣...##.......# ....#
...K ♣♣...#.......# ##.## ♣...o
♣♣..'.......# ...# ♣..Q.
♣...###+#####


You could see a tengu warrior, an orc warrior and 2 kobolds.

Vanquished Creatures
  A two-headed ogre (D:9)
  An ugly thing (D:8)
  2 centaur skeletons (D:8)
  A komodo dragon (D:8)
  A hellwing (D:8)
  A hornet (D:8)
  A meliai zombie (D:8)
  A shadow (D:9)
  4 yaks (D:6)
  2 water moccasins (D:7)
  A sky beast (D:5)
  3 orc warriors
  A black bear (D:5)
  6 ogres
  6 centaurs
  4 kobold brigands
  A bullfrog (D:7)
  A gnoll sergeant (D:7)
  A scorpion (D:6)
  A wyvern zombie (D:6)
  5 killer bees
  A howler monkey (D:6)
  8 wights
  A bullfrog zombie (D:5)
  5 centaur zombies
  A jelly (D:7)
  6 hounds
  A gnoll shaman (D:7)
  5 orc priests
  An iron imp (D:5)
  8 iguanas
  8 orc wizards
  A killer bee zombie (D:7)
  3 mummies (Ossuary)
  A howler monkey zombie (D:9)
  5 gnolls (D:7)
  2 howler monkey skeletons
  4 adders
  4 shadow imps
  3 white imps
  An ufetubus (D:6)
  3 adder zombies (Ossuary)
  2 worms
  4 dart slugs
  26 orcs
  7 ball pythons
  7 endoplasms
  4 goblins
  15 hobgoblins
  22 kobolds
  3 quokkas
  6 bats
  10 frilled lizards
  2 goblin zombies (Ossuary)
  4 hobgoblin zombies (Ossuary)
  A kobold zombie (Ossuary)
  4 quokka zombies (Ossuary)
  8 rats
  4 rat zombies (Ossuary)
246 creatures vanquished.

Vanquished Creatures (collateral kills)
  A bullfrog zombie (D:5)
1 creature vanquished.

Vanquished Creatures (others)
  16 plants
  4 withered plants (D:8)
20 creatures vanquished.

Grand Total: 267 creatures vanquished

Notes
Turn   | Place    | Note
-------+----------+-------------------------------------------
     0 | D:1      | frimble the Troll Warper began the quest for the Orb.
     0 | D:1      | Reached XP level 1. HP: 19/19 MP: 1/1
    64 | D:1      | Reached skill level 1 in Throwing
   316 | D:1      | Reached XP level 2. HP: 27/28 MP: 2/2
   901 | D:2      | Reached XP level 3. HP: 25/35 MP: 3/3
   903 | D:2      | Learned a level 1 spell: Apportation
   906 | D:2      | Learned a level 2 spell: Blink
   925 | D:2      | You fall into a shaft and drop 2 floors!
  1078 | D:4      | Reached XP level 4. HP: 42/42 MP: 4/4
  1196 | D:3      | Reached skill level 3 in Unarmed Combat
  1659 | D:2      | Found a radiant altar of Vehumet.
  2458 | D:3      | Reached XP level 5. HP: 43/50 MP: 5/5
  2628 | D:4      | Noticed an ogre
  2637 | D:4      | Found Noypp's Antique Armour Shop.
  2646 | D:4      | Killed an ogre
  2671 | D:4      | Reached XP level 6. HP: 59/59 MP: 6/6
  2972 | D:4      | Bought a glowing hat for 175 gold pieces
  3000 | D:5      | Entered Level 5 of the Dungeon
  3018 | D:5      | Noticed a sky beast
  3034 | D:5      | Killed a sky beast
  3095 | D:5      | Found a white marble altar of Elyvilon.
  3095 | D:5      | Found a shimmering blue altar of Sif Muna.
  3191 | D:5      | Reached skill level 4 in Unarmed Combat
  3211 | D:5      | Found a sand-covered staircase.
  3222 | Ossuary  | Entered an ossuary
  3482 | D:5      | Reached XP level 7. HP: 67/67 MP: 7/7
  3528 | D:5      | Found a snail-covered altar of Cheibriados.
  3988 | D:6      | Noticed a yak
  3988 | D:6      | Noticed a yak
  3988 | D:6      | Noticed a yak
  3997 | D:6      | Noticed a yak
  4005 | D:6      | Killed a yak
  4053 | D:6      | Killed a yak
  4054 | D:6      | Reached skill level 5 in Unarmed Combat
  4054 | D:6      | Reached XP level 8. HP: 66/78 MP: 8/8
  4251 | D:6      | Identified the +6 chain mail of Recklessness {Rampage rElec
                  | rC++ Int-2}
  4355 | D:6      | Reached skill level 5 in Throwing
  4398 | D:6      | Reached skill level 6 in Unarmed Combat
  4732 | D:6      | Reached skill level 5 in Fighting
  4866 | D:6      | Reached skill level 5 in Translocations
  4866 | D:6      | Reached XP level 9. HP: 85/88 MP: 9/9
  5077 | D:7      | Found a staircase to the Ecumenical Temple.
  5660 | D:7      | Identified the +4 falchion of Gelol {antimagic, rF+ Int-3
                  | Dex+3}
  5726 | D:7      | Reached skill level 1 in Evocations
  5749 | D:7      | Reached skill level 7 in Unarmed Combat
  5774 | D:7      | Reached skill level 1 in Armour
  6164 | D:8      | Paralysed by a hornet for 2 turns
  6308 | D:8      | Noticed a cyan ugly thing
  6439 | D:8      | Noticed a hellwing
  6442 | D:8      | Identified the +8 longbow "Kaung" {vorpal, MP+9 Str+2 Dex-5
                  | Stlth+}
  6458 | D:8      | Reached XP level 10. HP: 95/98 MP: 10/10
  6727 | D:8      | Killed a cyan ugly thing
  6819 | D:8      | Found Ilumal's Distillery.
  6901 | D:8      | Bought a potion of heal wounds for 55 gold pieces
  6901 | D:8      | Bought a potion of lignification for 33 gold pieces
  6901 | D:8      | Bought 2 potions of curing for 66 gold pieces
  6901 | D:8      | Bought a potion of attraction for 33 gold pieces
  6901 | D:8      | Bought a potion of brilliance for 44 gold pieces
  6901 | D:8      | Bought a potion of ambrosia for 88 gold pieces
  6901 | D:8      | Bought a potion of cancellation for 88 gold pieces
  7095 | D:8      | Reached skill level 8 in Unarmed Combat
  7584 | D:9      | Noticed a two-headed ogre
  7608 | D:9      | Killed a two-headed ogre
  7785 | D:9      | Reached XP level 11. HP: 96/105 MP: 11/11
  8295 | D:9      | Noticed a tengu warrior
  8317 | D:9      | Hit by a stone thrown by a tengu warrior

Illustrated notes

Levels and vault maps discovered:
D:1:      sevenhm_arrival_forest_fort_small_4, layout_loops_corners
D:2:      wad_pebble_path, layout_basic, basic_altar
D:3:      layout_basic
D:4:      layout_basic, serial_shops, nicolae_diamond_shop
D:5:      layout_cave_pools, slow_altar_1, gammafunk_temple_overflow_elements,
          enter_ossuary_3, serial_bayou_lagoon_a
D:6:      layout_basic, nrook_campfire
D:7:      kennysheep_housing_project, layout_gridville,
          minmay_temple_entry_mini_moons
D:8:      cheibrodos_grave_circle, layout_basic, serial_shops, shop,
          minmay_lizard_king
D:9:      layout_roguey, kennysheep_diamond, corexii_hall_statues_t

Skill      XL: |  1  2  3  4  5  6  7  8  9 10 |
---------------+-------------------------------+-----
Throwing       | 1 2 3 4 5 6 |  6.0
Fighting       | 2 3 4 5 6 |  6.0
Unarmed Combat | 3 4 5 6 7 8 |  8.0
Translocations | 3 4 5 6 |  6.0
Dodging        | 2 4 |  4.9
Evocations     | 1 4 |  4.1
Armour         | 1 4 |  4.2
Shields        | |  0.6
Spellcasting   | |  1.2

Action                   |  1- 3 |  4- 6 |  7- 9 | 10-12 || total
-------------------------+-------+-------+-------+-------++-------
Melee: Unarmed           |    70 |   216 |   409 |   247 ||   942
       Punch             |       |     3 |    14 |    13 ||    30
 Fire: Longbow           |       |       |       |    20 ||    20
Throw: Dart              |       |       |    12 |     8 ||    20
       Boomerang         |       |       |     2 |       ||     2
 Cast: Apportation       |     5 |       |       |       ||     5
       Blink             |       |       |     1 |     4 ||     5
Evoke: Wand              |       |       |     8 |    15 ||    23
  Use: Scroll            |     5 |    11 |     1 |     2 ||    19
       Potion            |       |     1 |     2 |     2 ||     5
 Stab: Sleeping          |     1 |       |       |       ||     1
       Paralysed         |       |       |     2 |     4 ||     6
Armor: Robe              |    25 |    78 |   187 |   150 ||   440
       Skin              |       |     4 |    33 |     6 ||    43
Dodge: Dodged            |    28 |    92 |   230 |   157 ||   507

Table legend: (Time is in decaauts)
 A = Elapsed time spent in this place.
 B = Non-inter-level travel time spent in this place.
 C = Inter-level travel time spent in this place.
 D = Time resting spent in this place.
 E = Time spent auto-exploring this place.
 F = Levels seen in this place.
 G = Mean time per level.
                   A        B        C        D        E       F      G
               +--------+--------+--------+--------+--------+-----+--------+
         Total |   8240 |   7797 |    443 |     55 |   5677 |  10 |  824.0 |
       Dungeon |   8023 |   7580 |    443 |     19 |   5615 |   9 |  891.4 |
       Ossuary |    217 |    217 |      0 |     36 |     62 |   1 |  217.0 |
               +--------+--------+--------+--------+--------+-----+--------+

Top non-repeatable levels by time:
     D:7: 1354 daAuts
     D:8: 1121 daAuts
     D:6: 1003 daAuts
     D:1: 870 daAuts
     D:2: 831 daAuts
     D:9: 786 daAuts
     D:5: 762 daAuts
     D:3: 755 daAuts
     D:4: 537 daAuts
 Ossuary: 217 daAuts
